 Dungeon Crawl Stone Soup version 0.29.1-2-gbd0b4ee654 (webtiles) character file.

Game seed: 685912189443671814

291 hawla the Chiller (level 6, -2/46 HPs)
             Began as a Meteoran Ice Elementalist on Nov 12, 2022.
             Slain by an ogre
             ... wielding a +0 giant spiked club
              (15 damage)
             ... on level 4 of the Dungeon.
             The game lasted 00:08:00 (1706 turns).

hawla the Chiller (Meteoran Ice Elementalist)       Turns: 1706, Time: 00:08:01

Health: -2/46      AC:  2    Str: 11    XL:     6   Next: 90%
Magic:  9/13       EV: 12    Int: 18    God:
Gold:   170        SH:  0    Dex: 14    Spells: 5/13 levels left

rFire   . . .      SeeInvis .   (no weapon)
rCold   . . .      Faith    .   (no shield)
rNeg    . . .      Spirit   .   a - +0 robe
rPois   +          Reflect  .   (no helmet)
rElec   .          Harm     .   (no cloak)
rCorr   .          Rampage  .   (no gloves)
Will    .....                   (no boots)
Stlth   +.........              h - amulet of the acrobat
HPRegen 0.15/turn               f - ring of flight
MPRegen 0.13/turn               e - ring of poison resistance

@: mighty, freezing walls, flying, glowing
A: sense surroundings 1, otherworldly, glowing, explore regen
a: no special abilities


You were on level 4 of the Dungeon.
You visited 1 branch of the dungeon, and saw 4 of its levels.

You collected 170 gold pieces.

Inventory:

Armour
 a - a +0 robe (worn)
Jewellery
 e - a ring of poison resistance (right hand)
 f - a ring of flight (left hand)
 h - an amulet of the acrobat (around neck)
 l - a ring of ice
Wands
 p - a wand of quicksilver (2)
Scrolls
 n - a scroll of brand weapon {unknown}
 o - a scroll of teleportation {unknown}
Potions
 b - 3 potions of magic
 c - a potion of heal wounds {unknown}
 d - 3 potions of might
 g - 2 potions of curing {unknown}
 i - a potion of cancellation
 j - a potion of brilliance
 k - a potion of flight {unknown}
 m - a potion of mutation {unknown}


   Skills:
 - Level 0.5 Fighting
 - Level 0.3 Axes
 - Level 2.5 Dodging
 - Level 1.4 Stealth
 - Level 4.4 Spellcasting
 + Level 4.2 Conjurations
 - Level 6.0 Ice Magic


You had 5 spell levels left.
You knew the following spells:

 Your Spells              Type           Power      Damage    Failure   Level
a - Freeze                Ice            100%       1d11      1%          1
b - Frozen Ramparts       Ice            50%        1d8       3%          3
c - Hailstorm             Conj/Ice       22%        3d7       17%         4

Your spell library contained the following spells:

 Spells                   Type           Power      Damage    Failure   Level
 Ozocubu's Armour         Ice            25%        N/A       3%          3
 Static Discharge         Conj/Air       11%        3-5/arc   9%          2
 Beastly Appendage        Tmut           6%         N/A       14%         1
 Wereblood                Tmut           3%         N/A       22%         2
 Spider Form              Tmut/Pois      3%         N/A       38%         3
 Summon Guardian Golem    Hex/Summ       3%         N/A       38%         3
 Sticky Flame             Conj/Fire      11%        2d3       52%         4
 Dispel Undead            Necr           3%         3d7       80%         4
 Orb of Destruction       Conj           9%         9d6       100%        7
 Spellforged Servitor     Conj/Summ      5%         N/A       100%        7


Dungeon Overview and Level Annotations

Branches:
Dungeon (4/15) Zot: 693
 Temple: D:4-7

Altars:
Gozag
Okawaru
Qazlal

Shops:
D:3 (


Innate Abilities, Weirdness & Mutations

You passively map a small area around you.
You are easily found by Zot.
You glow in the dark.
You regain HP and MP as you explore.


Message History

Found a stone staircase leading down.
The ogre shouts!
A quokka comes into view.
There are monsters nearby!
You see here a +0 ring mail.
An orc comes into view. It is wielding a +0 hand axe.
The orc shouts!
Cast which spell? (? or * to list)
Casting: Frozen Ramparts (dangerous; 3% risk of failure)
Press: ? - help, Dir - look around, f - activate The walls around you are covered in ice.
The wall freezes the quokka but does no damage.
The wall freezes the ogre.
Casting: Frozen Ramparts (dangerous; 3% risk of failure)
Confirm with . or Enter, or press ? or * to list all spells.
Aiming: Freeze (safe; 1% risk of failure)
Press: ? - help, Shift-Dir - straight line, f - ogre
Aim: an ogre, wielding a +0 giant spiked club (lightly wounded)
You freeze the ogre.
The ogre is lightly wounded.
The wall freezes the quokka.
The quokka barely misses you.
The wall freezes the ogre!
The ogre hits you with a +0 giant spiked club!!
Ouch! That really hurt!
* * * LOW HITPOINT WARNING * * *
Welcome back, hawla the Meteoran Ice Elementalist.
Press ? for a list of commands and other information.
Welcome back, hawla the Meteoran Ice Elementalist.
Press ? for a list of commands and other information.
It was a potion of might.
You feel very mighty all of a sudden.
The wall freezes the quokka but does no damage.
The quokka barely misses you.
You closely miss the ogre.
The ogre is heavily wounded.
The wall freezes the quokka.
You kill the quokka!
The wall freezes the ogre!
The ogre hits you with a +0 giant spiked club!
You die...

, , , , ..##...≈#~ *
.#....§# ~ .....≈## *
##. , ....≈§#### #.. *
, ..o.....##...*
,..>....... , ,, , ,
#.O###.>.##** , , ,,
#@.##..#..# ,,
###.[##.....#######.
*#............#......
#....#.#........≈≈≈≈≈
.......###......#.≈....
#....####.........≈.≈≈≈
*
#...#*#####.###...≈.≈..
* ,..#..##..#..#
#...≈.§._ ..#
........###...≈.≈..


You could see an ogre and an orc.

Vanquished Creatures
  A black bear (D:4)
  A necrophage (D:3)
  An orc priest (D:3)
  An iguana (D:4)
  An orc wizard (D:3)
  An adder (D:2)
  3 worms
  A dart slug (D:3)
  3 orcs (D:3)
  3 bats
  An endoplasm (D:1)
  8 giant cockroaches
  6 hobgoblins
  2 jackals
  2 quokkas
  5 ball pythons (D:1)
  5 goblins
  4 kobolds
  3 rats
52 creatures vanquished.

Notes
Turn   | Place    | Note
-------+----------+-------------------------------------------
     0 | D:1      | hawla the Meteoran Ice Elementalist began the quest for the
                  | Orb.
     0 | D:1      | Reached XP level 1. HP: 14/14 MP: 5/5
    43 | D:1      | Reached XP level 2. HP: 16/20 MP: 0/6
   304 | D:1      | Reached skill level 5 in Ice Magic
   304 | D:1      | Reached XP level 3. HP: 26/27 MP: 4/8
   308 | D:1      | Learned a level 3 spell: Frozen Ramparts
   318 | D:1      | Found a faded altar of an unknown god.
   373 | D:1      | You are sucked into a shaft and drop 1 floor!
   617 | D:2      | Reached XP level 4. HP: 34/34 MP: 6/10
   939 | D:3      | Noticed a necrophage
   945 | D:3      | Killed a necrophage
   946 | D:3      | Reached XP level 5. HP: 28/39 MP: 8/12
   951 | D:3      | Found Ruybbujad's Antique Weapon Shoppe.
  1109 | D:3      | Learned a level 4 spell: Hailstorm
  1228 | D:3      | Found a stormy altar of Qazlal.
  1244 | D:3      | Found an iron altar of Okawaru.
  1316 | D:3      | Reached skill level 6 in Ice Magic
  1321 | D:3      | Reached skill level 1 in Conjurations
  1321 | D:3      | Reached XP level 6. HP: 28/46 MP: 7/13
  1541 | D:4      | Found an opulent altar of Gozag.
  1639 | D:4      | Identified the +0 leather armour of the Blind Marksman
                  | {rPois rN+}
  1653 | D:4      | Noticed a black bear
  1665 | D:4      | Killed a black bear
  1700 | D:4      | Noticed an ogre
  1706 | D:4      | Slain by an ogre

Illustrated notes

Levels and vault maps discovered:
D:1:      dpeg_arrival_brainrot, layout_basic, ebering_ecumenical_altar_hall
D:2:      layout_loops_ring, st_stairs_14
D:3:      layout_loops_cross, okawaru_gym_becter, grunt_qazlal_clouds,
          serial_shops, shop
D:4:      layout_cave_pools, mainiacjoe_overflow_concentric_impassable,
          lightli_temple_of_fire

Skill      XL: |  1  2  3  4  5  6 |
---------------+-------------------+-----
Ice Magic      | 5 6 |  6.0
Spellcasting   | 3 4 |  4.4
Conjurations   | 1 4 |  4.2
Fighting       | |  0.5
Axes           | |  0.3
Dodging        | |  2.5
Stealth        | |  1.4

Action                   |  1- 3 |  4- 6 || total
-------------------------+-------+-------++-------
Melee: Unarmed           |     2 |    14 ||    16
       War axe           |       |     4 ||     4
 Cast: Freeze            |    29 |    11 ||    40
       Frozen Ramparts   |     7 |    15 ||    22
       Hailstorm         |       |     3 ||     3
  Use: Scroll            |       |     5 ||     5
       Potion            |       |     1 ||     1
Armor: Robe              |     9 |     4 ||    13
Dodge: Dodged            |    26 |    15 ||    41
